 Dungeon Crawl Stone Soup version 0.18.1-50-g88ac8fd (webtiles) character file.

4104 Peloso the Skirmisher (level 10, -1/86 HPs)
             Began as a Ghoul Fighter on Oct 28, 2016.
             Slain by Erolcha
             ... wielding a +0 giant club
              (22 damage)
             ... on level 8 of the Dungeon.
             The game lasted 00:26:36 (8266 turns).

Peloso the Skirmisher (Ghoul Fighter)               Turns: 8266, Time: 00:26:37

Health: -1/86      AC: 18    Str: 23    XL:     10   Next: 26%
Magic:  10/10      EV:  6    Int:  3    God:
Gold:   522        SH: 10    Dex: 11    Spells: 0 memorised, 9 levels left

rFire  . . .     SeeInvis .     a - +1 long sword
rCold  + . .     Gourm    .     J - +0 plate armour
rNeg   + + +     Faith    .     c - +0 shield
rPois  ∞         Spirit   .     m - +1 helmet
rElec  .         Dismiss  .     C - +1 cloak {+Inv}
rCorr  .         Reflect  .     r - +0 pair of gloves
SustAt .         Harm     .     (no boots)
MR     .....                    (no amulet)
Stlth  ..........               u - +2 ring of strength
                                (no ring)

@: rotting, drained, not resistant to hostile enchantments, extremely unstealthy
A: rotting body, claws 1, carnivore 3, cold resistance 1, negative energy
resistance 3, slow regeneration 1, torment resistance, unbreathing
a: Evoke Invisibility


You were on level 8 of the Dungeon.
You were not hungry.

You visited 2 branches of the dungeon, and saw 9 of its levels.
You also visited: Ossuary.

You collected 522 gold pieces.

Inventory:

Hand Weapons
 a - a +1 long sword (weapon)
 j - a +1 short sword of flaming
 D - the +4 dagger of Spite {venom, rF+ Int+4}
   (You found it on level 7 of the Dungeon)

   It poisons the flesh of those it strikes.
   It affects your intelligence (+4).
   It protects you from fire.
Armour
 c - a +0 shield (worn)
 m - a +1 helmet (worn)
 r - a +0 pair of gloves (worn)
 C - a +1 cloak of invisibility (worn)
 J - a +0 plate armour (worn)
Jewellery
 s - an uncursed ring of flight
 u - a +2 ring of strength (right hand)
 G - an uncursed amulet of harm
Wands
 b - a wand of slowing (34/48)
 A - a wand of slowing (32/48)
 I - a wand of iceblast (4/15)
Scrolls
 d - 2 scrolls of blinking
 i - a scroll of magic mapping
 k - 2 scrolls of enchant weapon
 n - 6 scrolls of remove curse
 t - a scroll of fog
 w - 4 scrolls of teleportation
 E - a scroll of fear
Potions
 e - 2 potions of curing
 l - a potion of cure mutation {unknown}
 o - a potion of degeneration {unknown}
 p - 2 potions of haste
 q - 5 potions of berserk rage {unknown}
 x - 4 potions of heal wounds {unknown}
 z - 2 potions of agility {unknown}
 B - a potion of invisibility {unknown}
Books
 v - a book of Minor Magic

   Spells                             Type                      Level
   a - Magic Dart                     Conjuration                  1
   b - Blink                          Translocation                2
   c - Call Imp                       Summoning                    2
   d - Repel Missiles                 Charms/Air                   2
   e - Slow                           Hexes                        2
   f - Conjure Flame                  Conjuration/Fire             3
   g - Mephitic Cloud                 Conjuration/Poison/Air       3
Comestibles
 f - 8 meat rations
 g - 3 royal jellies
 h - 2 slices of pizza
 H - 2 beef jerkies


   Skills:
 + Level 7.0(5.8) Fighting
 + Level 6.2(5.1) Long Blades
 + Level 6.3(5.1) Armour
 + Level 5.8(4.6) Dodging
 + Level 0.8(0.0) Stealth
 + Level 7.0(5.8) Shields
 + Level 1.3(0.3) Evocations


You had 9 spell levels left.
You didn't know any spells.

Dungeon Overview and Level Annotations

Branches:
Dungeon (8/15)             Temple (1/1) D:7
   Lair: D:8-11

Altars:
Ashenzari
Cheibriados
Dithmenos
Elyvilon
Fedhas
Gozag
Kikubaaqudgha
Makhleb
Pakellas
Qazlal
Ru
Sif Muna
Trog
Vehumet
Xom
Yredelemnul
Zin
The Shining One

Shops:
D:5 }

Annotations:
D:8 Erolcha


Innate Abilities, Weirdness & Mutations

Your body is rotting away.
You thrive on raw meat.
You are immune to poison.
You have sharp fingernails.
You are carnivorous and can eat meat at any time.
Your flesh is cold resistant.
You are immune to negative energy.
You regenerate slowly when monsters are visible.
You are immune to unholy pain and torment.
You can survive without breathing.


Message History

You hear some strange, mumbled words.
You are confused.
You're too confused to move!
Something hits you but does no damage.
You bump into the rock wall.
You bump into the rock wall.
Something hits you!
You closely miss something. Something hits you!
You feel less confused.
Drink which item? (? for menu, Esc to quit)
You feel better. Something hits you!
You slash something! Something hits you.
* * * LOW HITPOINT WARNING * * *
Unknown command.
Drink which item? (? for menu, Esc to quit)
You feel better.
You miss something. Something hits you!
* * * LOW HITPOINT WARNING * * *
Unknown command.
Your shield and plate armour prevent you from hitting something.
Something hits you!!
You die...

###.#...####.........
##........# #....## .......
#.#.#.#.## ###.## .....
#.......# #.# ... #####.###
#.# #'# #.# #.#
#†###########.# #.# #####
#.#........##.#
##.###...####{#.#.#.##.##.#
#...#.....##.@...###......#
#.........#.....#.#.##.####
#...#........>.....# #.#
######...####.#.#### #.#
##### #.#.########
#.###§..._# #.###§#'#≈#
#...###.### #.#.....#


There were no monsters in sight!

Vanquished Creatures
  The ghost of loom the Destroyer, a novice DECj (D:6)
  Sigmund (D:3)
  A wraith (Ossuary)
  A water moccasin (D:6)
  3 sky beasts (D:6)
  4 ice beasts
  3 ogres (D:5)
  2 phantoms
  4 centaurs
  A big kobold (D:7)
  2 giant frogs (D:7)
  3 scorpions
  2 water moccasin skeletons
  5 killer bees (D:7)
  4 wights (D:6)
  A howler monkey (D:5)
  4 crimson imps
  A centaur zombie (D:7)
  8 hounds
  A giant frog zombie (D:6)
  5 orc wizards
  A giant frog skeleton (D:7)
  3 orc priests (D:6)
  5 iguanas
  Terence (D:2)
  5 worker ants
  3 mummies (Ossuary)
  A worker ant zombie (D:7)
  A howler monkey skeleton (D:7)
  3 gnolls (D:7)
  15 adders
  A worm (D:2)
  7 giant geckos
  10 orcs
  4 giant cockroaches
  4 goblins
  10 hobgoblins
  4 jackals
  23 kobolds
  4 quokkas
  3 ball pythons
  5 bats
  9 giant newts
  4 goblin zombies (Ossuary)
  A jackal skeleton (D:4)
  3 kobold zombies (Ossuary)
  An orc zombie (Ossuary)
  2 quokka skeletons (D:6)
  A quokka zombie (D:6)
  6 rats
  2 bushes (D:1)
  6 plants (D:1)
205 creatures vanquished.

Vanquished Creatures (others)
  A kobold zombie (Ossuary)
  A plant (D:1)
2 creatures vanquished.

Grand Total: 207 creatures vanquished

Notes
Turn   | Place    | Note
--------------------------------------------------------------
     0 | D:1      | Peloso the Ghoul Fighter began the quest for the Orb.
     0 | D:1      | Reached XP level 1. HP: 19/19 MP: 0/0
   208 | D:1      | Reached XP level 2. HP: 25/26 MP: 1/1
   562 | D:1      | Reached XP level 3. HP: 31/31 MP: 2/2
  1207 | D:2      | Reached skill level 1 in Dodging
  1288 | D:2      | Reached XP level 4. HP: 29/38 MP: 3/3
  1346 | D:2      | Found a glowing golden altar of the Shining One.
  1452 | D:2      | Noticed Terence
  1469 | D:2      | Killed Terence
  1567 | D:2      | Found a shimmering altar of Xom.
  1617 | D:2      | Reached XP level 5. HP: 28/46 MP: 4/4
  2070 | D:3      | Noticed a centaur
  2081 | D:3      | Killed a centaur
  2081 | D:3      | Reached XP level 6. HP: 21/52 MP: 5/5
  2315 | D:3      | Noticed Sigmund
  2329 | D:3      | Killed Sigmund
  2336 | D:3      | Found a blossoming altar of Fedhas.
  2353 | D:3      | Found a basalt altar of Yredelemnul.
  2984 | D:4      | Reached XP level 7. HP: 37/60 MP: 6/6
  3595 | D:5      | Entered Level 5 of the Dungeon
  3678 | D:5      | Found a sand-covered staircase.
  3766 | D:5      | Found Powuipsiwito's Quality Used Wands.
  3844 | Ossuary  | Entered an ossuary
  3844 | Ossuary  | Noticed a wraith
  3844 | Ossuary  | Noticed a wraith
  3844 | Ossuary  | Noticed a wraith
  4013 | Ossuary  | Noticed a wraith
  4024 | Ossuary  | Killed a wraith
  4024 | Ossuary  | Reached skill level 5 in Fighting
  4024 | Ossuary  | Reached XP level 8. HP: 42/68 MP: 7/7
  4548 | D:5      | Reached skill level 5 in Shields
  4685 | D:5      | Reached skill level 5 in Armour
  4758 | D:5      | Reached skill level 1 in Evocations
  5201 | D:6      | Noticed loom's ghost (novice DECj)
  5225 | D:6      | Killed loom's ghost
  5225 | D:6      | Reached XP level 9. HP: 24/75 MP: 9/9
  5882 | D:6      | Reached skill level 5 in Long Blades
  5882 | D:6      | Reached skill level 5 in Dodging
  6398 | D:7      | Got a bone dagger
  6399 | D:7      | Identified the +4 dagger of Spite {venom, rF+ Int+4} (You found it on level 7 of the Dungeon)
  6653 | D:7      | Reached XP level 10. HP: 82/84 MP: 10/10
  7071 | D:7      | Found a staircase to the Ecumenical Temple.
  7077 | Temple   | Entered the Ecumenical Temple
  8124 | D:8      | Found a white marble altar of Elyvilon.
  8124 | D:8      | Found a snail-covered altar of Cheibriados.
  8242 | D:8      | Noticed Erolcha
  8266 | D:8      | Slain by Erolcha

Skill      XL: |  1  2  3  4  5  6  7  8  9 10 |
---------------+-------------------------------+-----
Shields        | 3 4 5 6 7 |  7.0
Armour         | 3 4 5 6 |  6.3
Dodging        | 1 2 3 4 5 |  5.8
Long Blades    | 2 3 4 5 6 |  6.2
Fighting       | 4 5 6 7 |  7.0
Evocations     | 1 |  1.3
Stealth        | |  0.8

Action                   |  1- 3 |  4- 6 |  7- 9 | 10-12 || total
-------------------------+-------+-------+-------+-------++-------
Melee: Long sword        |   384 |   195 |   670 |   172 ||  1421
Evoke: Wand              |       |       |     9 |     1 ||    10
  Use: Scroll            |       |     5 |    10 |     4 ||    19
       Potion            |       |     1 |     3 |     2 ||     6
  Eat: Chunk             |     6 |     9 |    33 |     6 ||    54
Armor: Scale mail        |    78 |    91 |   134 |       ||   303
       Chain mail        |       |       |   177 |    80 ||   257
       Plate armour      |       |       |       |     6 ||     6
Dodge: Dodged            |    48 |    78 |   231 |    52 ||   409
Block: Shield            |    81 |    93 |   347 |   127 ||   648
